 Dungeon Crawl Stone Soup version 0.17-a0-2127-g1cb09f6 (webtiles) character file.

112 fredomojojo the Digger (level 4, -5/40 HPs)
             Began as a Troll Earth Elementalist on Oct 24, 2015.
             Was an Initiate of Sif Muna.
             Killed by divine providence
             ... invoked by an orc priest
              (9 damage)
             ... on level 2 of the Dungeon.
             The game lasted 00:43:03 (1951 turns).

fredomojojo the Digger (Troll Earth Elementalist)   Turns: 1951, Time: 00:43:03

Health: -5/40      AC:  7    Str: 16    XL:     4   Next: 63%
Magic:  3/5        EV: 10    Int: 12    God:    Sif Muna [......]
Gold:   75         SH:  0    Dex: 10    Spells: 2 memorised, 1 level left

rFire  . . .     SeeInvis .     g - +1 club
rCold  . . .     Clarity  .     i - +1 robe
rNeg   . . .     SustAt   .     (no shield)
rPois  .         Gourm    +     (helmet restricted)
rElec  .         Spirit   .     l - +0 cloak
rCorr  .         Warding  .     (gloves unavailable)
rMut   .         Stasis   .     (boots unavailable)
MR     .....                    (no amulet)
Stlth  +.........               (no ring)
                                (no ring)

@: lethally poisoned (-5 -> -6), not resistant to hostile enchantments, very
unstealthy
A: unfitting armour, claws 3, fast metabolism 3, gourmand, regeneration 2,
shaggy fur 1, tough skin 2
a: Renounce Religion


You were on level 2 of the Dungeon.
You worshipped Sif Muna.
Sif Muna was noncommittal.
You were not hungry.

You visited 1 branch of the dungeon, and saw 3 of its levels.

You collected 75 gold pieces.

Inventory:

Hand Weapons
 g - a +1 club (weapon)
 k - a +0 hunting sling
 o - a +0 whip
Missiles
 a - 115 stones (quivered)
 j - 23 sling bullets
Armour
 i - a +1 robe (worn)
 l - a +0 cloak (worn)
Scrolls
 e - 2 scrolls of teleportation
 f - a scroll of enchant weapon
 m - 2 scrolls of remove curse
Potions
 n - a potion of cancellation
Books
 c - a book of Geomancy

   Spells                             Type                      Level
   a - Sandblast                      Earth                        1
   b - Stoneskin                      Transmutation/Earth          2
   c - Passwall                       Transmutation/Earth          3
   d - Stone Arrow                    Conjuration/Earth            3
   e - Petrify                        Transmutation/Earth          4
   f - Lee's Rapid Deconstruction     Earth                        5
Comestibles
 d - 2 bread rations
 h - 4 fruits


   Skills:
 + Level 0.4 Fighting
 * Level 1.2 Maces & Flails
 + Level 0.4 Slings
 + Level 0.3(0.6) Throwing
 + Level 2.5 Dodging
 + Level 1.1 Stealth
 + Level 0.4 Unarmed Combat
 + Level 1.6 Spellcasting
 + Level 0.6 Transmutations
 + Level 3.2 Earth Magic


You had one spell level left.
You knew the following spells:

 Your Spells              Type           Power        Failure   Level  Hunger
a - Sandblast             Erth           #.....       10%         1    ##.....
b - Petrify               Trmt/Erth      #.......     97%         4    #####..


Dungeon Overview and Level Annotations

Branches:
Dungeon (3/15)

Altars:
Ashenzari
Cheibriados
Elyvilon
Gozag
Kikubaaqudgha
Nemelex Xobeh
Okawaru
Qazlal
Sif Muna
Yredelemnul


Innate Abilities, Weirdness & Mutations

You are too large for most types of armour.
You have claws for hands.
Your metabolism is lightning-fast.
You like to eat raw meat.
You heal very quickly.
You are covered in fur (AC +1).
You have very tough skin (AC +2).


Message History

The adder is moderately wounded.
You feel sick. The adder bites you.
You miss the adder.
The adder is moderately wounded.
You feel sick. The adder closely misses you.
The orc priest invokes the aid of Beogh against you.
Something smites you!
* * * LOW HITPOINT WARNING * * *
The adder bites you but does no damage.
Casting: Sandblast
Confirm with . or Enter, or press ? or * to list all spells.
Aiming: Sandblast
Press: ? - help, Shift-Dir - straight line, f/p - adder
Aim: an adder (moderately wounded)
The blast of sand misses the adder.
The blast of sand hits the orc.
The orc is lightly wounded.
The adder bites you but does no damage.
The orc priest calls down the wrath of Beogh upon you.
Something smites you!
You die...

#.# #..#_.....##.###.## .# #.##
#..##__..##......# .# ## .#.##
#..#########.###.# .# #.
###.###...#.##...#.###'## .# #. #
##.##...#......#.##...##.# #.
##.#..........#.........# ## #
##.##.####...####.......## ##.
###.###.###....###o........####..
.#..............@So........'.....
#.#########...####.........####.≈
### ##..# ##.......##≈≈≈≈≈ ##.#
##.....##≈≈≈≈≈≈ #.#
#.......≈≈≈....
#.#####.##'###≈≈....)
###.....#.##.# #≈≈..##'
#...###.#.##.###≈≈..#.. #.#.#
#.........≈≈..#..


You could see an orc priest, an adder and an orc.

Vanquished Creatures
  Ijyb (D:2)
  2 adders (D:2)
  An ooze (D:2)
  2 worms (D:2)
  A giant gecko (D:1)
  A ball python (D:2)
  5 bats
  3 giant cockroaches
  8 hobgoblins
  7 jackals
  2 kobolds
  2 giant newts (D:2)
  13 goblins
  6 rats
54 creatures vanquished.

Notes
Turn   | Place    | Note
--------------------------------------------------------------
     0 | D:1      | fredomojojo the Troll Earth Elementalist began the quest for the Orb.
     0 | D:1      | Reached XP level 1. HP: 16/16 MP: 1/1
   179 | D:1      | Reached XP level 2. HP: 24/24 MP: 0/2
   271 | D:1      | Found a shattered altar of Ashenzari.
   318 | D:1      | Reached skill level 3 in Earth Magic
   581 | D:1      | Reached XP level 3. HP: 31/31 MP: 2/4
  1288 | D:2      | Noticed Ijyb
  1335 | D:2      | Killed Ijyb
  1335 | D:2      | Reached skill level 1 in Maces & Flails
  1335 | D:2      | Reached XP level 4. HP: 36/39 MP: 0/5
  1844 | D:2      | Found a sparkling altar of Nemelex Xobeh.
  1850 | D:2      | Found a snail-covered altar of Cheibriados.
  1853 | D:2      | Found a deep blue altar of Sif Muna.
  1856 | D:2      | Found an ancient bone altar of Kikubaaqudgha.
  1856 | D:2      | Found an iron altar of Okawaru.
  1859 | D:2      | Found an opulent altar of Gozag.
  1860 | D:2      | Found a stormy altar of Qazlal.
  1865 | D:2      | Found a shattered altar of Ashenzari.
  1869 | D:2      | Found a basalt altar of Yredelemnul.
  1870 | D:2      | Found a white marble altar of Elyvilon.
  1893 | D:2      | Became a worshipper of Sif Muna the Loreminder
  1931 | D:2      | Learned a level 4 spell: Petrify
  1951 | D:2      | Killed from afar by an orc priest

Vault maps used:
D:1:      saegor_arrival_simple_d, nicolae_ashenzari_panopticon
D:2:      kennysheep_goblin_castle, minitemple
D:3:      lemuel_doored_altar, nicolae_tso_carved_into_rock

Action                   |  1- 3 |  4- 6 || total
-------------------------+-------+-------++-------
Melee: Unarmed           |    16 |       ||    16
       Club              |   136 |    42 ||   178
 Fire: Hunting sling     |    34 |     8 ||    42
Throw: Stone             |    30 |       ||    30
 Cast: Sandblast         |    31 |     9 ||    40
  Use: Scroll            |     6 |     2 ||     8
       Potion            |     3 |     1 ||     4
 Stab: Sleeping          |       |     1 ||     1
  Eat: Meat ration       |     2 |       ||     2
       Beef jerky        |     1 |       ||     1
       Bread ration      |       |     1 ||     1
       Chunk             |       |     1 ||     1
